 Dungeon Crawl Stone Soup version 0.30-a0-940-ge5077277c9 (webtiles) character file.

Game seed: 9123175481280051970

2308 Bnni the Geomancer (level 9, 0/71 HPs)
             Began as a Formicid Earth Elementalist on Mar 26, 2023.
             Killed from afar by a white imp (7 damage)
             ... with a puff of frost
             ... on level 6 of the Dungeon.
             The game lasted 00:11:00 (6324 turns).

Bnni the Geomancer (Formicid Earth Elementalist)    Turns: 6324, Time: 00:11:01

Health: 0/71       AC:  9    Str: 13    XL:     9   Next: 68%
Magic:  1/13       EV: 14    Int: 19    God:
Gold:   201        SH:  9    Dex: 14    Spells: 4/14 levels left

rFire   . . .      SeeInvis +    b - staff of earth
rCold   . . .      Faith    .    t - +0 kite shield
rNeg    . . .      Spirit   .    i - +3 ring mail {Will+}
rPois   .          Reflect  .    (helmet unavailable)
rElec   .          Rampage  .    (no cloak)
rCorr   .                        (no gloves)
Will    +....                    k - +0 pair of boots
Stlth   +                        (no amulet)
HPRegen 0.31/turn                a - +5 ring of evasion
MPRegen 0.13/turn                (no ring)

@: no status effects
A: permanent stasis, dig shafts and tunnels, antennae 3, four strong arms
a: Dig, Shaft Self


You were on level 6 of the Dungeon.
You visited 1 branch of the dungeon, and saw 6 of its levels.

You collected 201 gold pieces.

Inventory:

Hand Weapons
 p - a +1 vampiric spear
Missiles
 u - 2 throwing nets
Armour
 h - a +0 chain mail
 i - a +3 ring mail of willpower (worn)
 k - a +0 pair of boots (worn)
 m - a +0 plate armour
 t - a +0 kite shield (worn)
Magical Staves
 b - a staff of earth (weapon)
Jewellery
 a - a +5 ring of evasion (left hand)
Wands
 v - a wand of flame (16)
Scrolls
 c - 2 scrolls of teleportation {unknown}
 e - a scroll of amnesia
 j - a scroll of immolation {unknown}
 l - a scroll of vulnerability
 n - 4 scrolls of poison {unknown}
 q - 2 scrolls of fear
 r - 2 scrolls of enchant armour
 s - a scroll of torment
 w - a scroll of summoning {unknown}
Potions
 d - 3 potions of curing
 f - a potion of magic
 g - 3 potions of flight
 o - a potion of resistance
 x - a potion of attraction {unknown}
 z - a potion of haste {unknown}
 A - a potion of heal wounds
 B - a potion of invisibility


   Skills:
 + Level 6.6 Fighting
 + Level 3.4 Armour
 - Level 1.7 Dodging
 - Level 2.4 Stealth
 + Level 4.1 Shields
 - Level 3.0 Spellcasting
 - Level 3.0 Transmutations
 * Level 11.1 Earth Magic


You had 4 spell levels left.
You knew the following spells:

 Your Spells              Type           Power      Damage    Failure   Level
a - Sandblast             Erth           100%       2d20      1%          1
b - Passwall              Tmut/Erth      36%        N/A       6%          2
c - Stone Arrow           Conj/Erth      70%        3d11      22%         3
d - Petrify               Tmut/Erth      44%        N/A       38%         4

Your spell library contained the following spells:

 Spells                   Type           Power      Damage    Failure   Level
 Kiss of Death            Conj/Necr      8%         2d6       58%         1
 Lesser Beckoning         Tloc           4%         N/A       73%         2
 Scorch                   Fire           4%         2d5       73%         2
 Static Discharge         Conj/Air       4%         2-3/arc   73%         2
 Gell's Gravitas          Tloc           2%         N/A       91%         3
 Teleport Other           Tloc           2%         N/A       91%         3
 Flame Wave               Conj/Fire      2%         2d4       100%        4
 Summon Cactus Giant      Summ           1%         N/A       100%        6
 Necromutation            Tmut/Necr      4%         N/A       100%        8


Dungeon Overview and Level Annotations

Branches:
Dungeon (6/15)
 Temple: D:4-7

Altars:
Ashenzari
Hepliaklqana
Qazlal
Uskayaw

Shops:
D:1 =


Innate Abilities, Weirdness & Mutations

You cannot be hasted, slowed, berserked, paralysed or teleported.
You can dig through walls and to a lower floor.
You have a pair of large antennae on your head. (SInv)
Your four strong arms can wield two-handed weapons with a shield.


Message History

Aiming: Sandblast (safe; 1% risk of failure)
Press: ? - help, Q - select action, (/) - cycle Shift-Dir - straight line, f/p - orc warrior
Aim: an orc warrior, wielding a +0 dire flail and wearing a +0 plate armour (severely wounded, 85% to hit)
You feel a surge of power!
The blast of sand hits the orc warrior but does no damage.
The orc warrior is severely wounded.
The orc warrior hits you but does no damage.
The white imp barely misses you.
Aiming: Sandblast (safe; 1% risk of failure)
Press: ? - help, Q - select action, (/) - cycle Shift-Dir - straight line, f/p - orc warrior
Aim: an orc warrior, wielding a +0 dire flail and wearing a +0 plate armour (severely wounded, 85% to hit)
You feel a surge of power!
The blast of sand hits the orc warrior!
The orc warrior is almost dead.
The orc warrior hits you with a +0 dire flail!
* * * LOW HITPOINT WARNING * * *
The white imp hits you.
* * * LOW HITPOINT WARNING * * *
The white imp freezes you.
* * * LOW HITPOINT WARNING * * *
You block the white imp's attack. The orc warrior barely misses you.
Unknown command.
Aiming: Sandblast (safe; 1% risk of failure)
Press: ? - help, Q - select action, (/) - cycle Shift-Dir - straight line, f/p - orc warrior
Aim: an orc warrior, wielding a +0 dire flail and wearing a +0 plate armour (almost dead, 85% to hit)
You feel a surge of power!
The blast of sand hits the orc warrior!
You kill the orc warrior!
The hound misses you. You block the white imp's attack.
You block the hound's attack.
Aiming: Sandblast (safe; 1% risk of failure)
Press: ? - help, Q - select action, (/) - cycle Shift-Dir - straight line, f - hound
Aim: a hound (80% to hit)
You feel a surge of power!
The blast of sand misses the hound.
The hound bites you but does no damage. The white imp gestures at you.
The puff of frost hits you!
* * * LOW HITPOINT WARNING * * *
You block the hound's attack. The white imp gestures at you.
The puff of frost hits you!
You die...

####.. { ..# ##.. ... ... .. #..
#. ##.. #.. h.. # ####.. ###..
.## ####..... .... ...###.......#
# #.###.. #..##...####### ###
#....)###..##...## ..#### #)h@..#
##.## ..... ##5..## #.# .... ..#
#..## #.# ..## ..## ##.## #.##
...###...#####..# #..# #
...............## ##..########
).............## ####...........
#))...........#####..............
#)......###.........####.........


You could see a hound and a white imp.

Vanquished Creatures
  Sigmund (D:6)
  Edmund (D:4)
  A water moccasin (D:6)
  An orc warrior (D:6)
  An ice beast (D:4)
  A black bear (D:6)
  A sky beast (D:5)
  4 phantoms
  2 kobold brigands (D:6)
  2 gnoll sergeants
  4 scorpions
  A wight (D:6)
  An orc priest (D:3)
  4 hounds
  A gnoll bouda (D:6)
  3 iguanas
  4 orc wizards
  12 gnolls
  13 adders
  A white imp (D:5)
  2 worms (D:2)
  3 dart slugs
  19 orcs
  5 endoplasms
  5 giant cockroaches
  10 goblins
  6 hobgoblins
  4 quokkas
  5 ball pythons
  3 bats
  3 frilled lizards
  9 kobolds
  5 rats
138 creatures vanquished.

Notes
Turn   | Place    | Note
-------+----------+-------------------------------------------
     0 | D:1      | Bnni the Formicid Earth Elementalist began the quest for
                  | the Orb.
     0 | D:1      | Reached XP level 1. HP: 13/13 MP: 3/3
   171 | D:1      | Found Pumaunun's Jewellery Shoppe.
   188 | D:1      | Reached XP level 2. HP: 7/20 MP: 0/5
   200 | D:1      | Reached skill level 4 in Earth Magic
   600 | D:1      | Reached XP level 3. HP: 25/25 MP: 3/6
   632 | D:1      | Reached skill level 1 in Fighting
  1315 | D:2      | Reached XP level 4. HP: 32/32 MP: 5/7
  1530 | D:2      | Learned a level 2 spell: Passwall
  1534 | D:2      | Learned a level 3 spell: Stone Arrow
  2392 | D:3      | Found a hazy altar of Hepliaklqana.
  2439 | D:3      | Reached skill level 5 in Earth Magic
  2439 | D:3      | Reached XP level 5. HP: 27/38 MP: 6/9
  3083 | D:1      | Found a broken altar of Ashenzari.
  3230 | D:4      | Noticed a phantom
  3237 | D:4      | Killed a phantom
  3238 | D:4      | Reached XP level 6. HP: 40/46 MP: 4/10
  3243 | D:4      | Learned a level 4 spell: Petrify
  3295 | D:4      | Noticed an ice beast
  3297 | D:4      | Killed an ice beast
  3298 | D:4      | Reached skill level 6 in Earth Magic
  3508 | D:4      | Reached XP level 7. HP: 52/52 MP: 4/11
  3590 | D:4      | Reached skill level 7 in Earth Magic
  3663 | D:4      | Noticed Edmund
  3689 | D:4      | HP: 1/53 [Edmund/+3 flail of protection (10)]
  3900 | D:4      | Got Heantopt's Disquisition on the Necrotic Shot
  4031 | D:4      | Killed Edmund
  4199 | D:4      | Reached skill level 8 in Earth Magic
  4477 | D:5      | Entered Level 5 of the Dungeon
  4481 | D:5      | Reached XP level 8. HP: 55/57 MP: 8/12
  4827 | D:5      | Found a hide-covered altar of Uskayaw.
  4828 | D:5      | Found a stormy altar of Qazlal.
  4927 | D:5      | Reached skill level 5 in Fighting
  4948 | D:5      | Reached skill level 9 in Earth Magic
  5131 | D:5      | Reached skill level 1 in Shields
  5172 | D:5      | Reached skill level 1 in Armour
  5592 | D:6      | Reached skill level 10 in Earth Magic
  5592 | D:6      | Reached XP level 9. HP: 69/69 MP: 9/13
  5593 | D:6      | Noticed Sigmund
  5602 | D:6      | Killed Sigmund
  6319 | D:6      | Reached skill level 11 in Earth Magic
  6324 | D:6      | Killed from afar by a white imp

Illustrated notes

Levels and vault maps discovered:
D:1:      dpeg_arrival_lava_altar, layout_loops_cross, serial_shops, shop,
          minmay_misc_feat_four_crosses
D:2:      layout_basic, minmay_misc_feat_enclosed
D:3:      layout_loops_corners, nicolae_hepliaklqana_hippocampus
D:4:      layout_cave_pools, lightli_minifort, uniq_edmund
D:5:      layout_basic, chequers_temple_overflow_statue_of_worship
D:6:      layout_layer_cave, minmay_manual_maat, uniq_sigmund

Skill      XL: |  1  2  3  4  5  6  7  8  9 |
---------------+----------------------------+-----
Earth Magic    | 4 5 6 8 10 11 | 11.1
Fighting       | 1 2 3 4 5 6 |  6.6
Transmutations | 2 3 |  3.0
Spellcasting   | 3 |  3.0
Shields        | 2 4 |  4.1
Armour         | 1 3 |  3.4
Dodging        | |  1.7
Stealth        | |  2.4

Action                     |  1- 3 |  4- 6 |  7- 9 || total
---------------------------+-------+-------+-------++-------
  Melee: Dagger            |    19 |       |       ||    19
         Punch             |     1 |       |       ||     1
         Spear             |       |     1 |       ||     1
         Staff             |       |       |    17 ||    17
   Cast: Sandblast         |    48 |    52 |   129 ||   229
         Stone Arrow       |       |     1 |     1 ||     2
Ability: Dig               |       |       |     3 ||     3
  Evoke: Wand              |       |       |     1 ||     1
    Use: Potion            |     1 |     1 |     3 ||     5
         Scroll            |       |    10 |     3 ||    13
   Stab: Sleeping          |     1 |       |       ||     1
 Armour: Robe              |     8 |       |       ||     8
         Leather armour    |       |     3 |     1 ||     4
         Ring mail         |       |       |    24 ||    24
  Dodge: Dodged            |    20 |     9 |    80 ||   109
  Block: Kite shield       |       |       |    22 ||    22

Table legend: (Time is in decaauts)
 A = Elapsed time spent in this place.
 B = Non-inter-level travel time spent in this place.
 C = Inter-level travel time spent in this place.
 D = Time resting spent in this place.
 E = Time spent auto-exploring this place.
 F = Levels seen in this place.
 G = Mean time per level.
                   A        B        C        D        E       F      G
               +--------+--------+--------+--------+--------+-----+--------+
         Total |   6441 |   6077 |    364 |    509 |   4635 |   6 | 1073.5 |
       Dungeon |   6441 |   6077 |    364 |    509 |   4635 |   6 | 1073.5 |
               +--------+--------+--------+--------+--------+-----+--------+

Top non-repeatable levels by time:
     D:4: 1309 daAuts
     D:5: 1130 daAuts
     D:3: 1105 daAuts
     D:1: 1072 daAuts
     D:2: 1054 daAuts
     D:6: 768 daAuts
